 Dungeon Crawl Stone Soup version 0.28.0 (webtiles) character file.

Game seed: 12890014963293452107

5959 mortz the Thaumaturge (level 11, -2/74 HPs)
             Began as a Human Conjurer on Feb 15, 2022.
             Was a Priest of Sif Muna.
             Shot with an arrow by a centaur (15 damage)
             ... on level 11 of the Dungeon on Feb 16, 2022.
             The game lasted 02:00:51 (13808 turns).

mortz the Thaumaturge (Human Conjurer)             Turns: 13808, Time: 02:00:52

Health: -2/74      AC: 13    Str:  8    XL:     11   Next: 9%
Magic:  7/25       EV: 13    Int: 22    God:    Sif Muna [***...]
Gold:   180        SH:  0    Dex: 12    Spells: 18/30 levels left

rFire   . . .      SeeInvis +   L - +4 scimitar
rCold   . . .      Faith    .   (no shield)
rNeg    . . .      Spirit   .   B - +0 steam dragon scales
rPois   .          Reflect  .   w - +0 helmet
rElec   .          Harm     .   U - +1 cloak {Stlth+}
rCorr   .          Rampage  .   Q - +0 pair of gloves
Will    .....                   (no boots)
Stlth   ++++......              b - amulet of regeneration
HPRegen 1.02/turn               e - +4 ring of protection
MPRegen 0.19/turn               T - ring of see invisible

@: no status effects
A: no striking features
a: Renounce Religion, Channel Magic, Forget Spell


You were on level 11 of the Dungeon.
You worshipped Sif Muna.
Sif Muna was most pleased with you.
You visited 1 branch of the dungeon, and saw 12 of its levels.

You collected 531 gold pieces.
You spent 351 gold pieces at shops.

Inventory:

Hand Weapons
 C - a +0 antimagic flail
 L - a +4 scimitar (weapon)
 N - a +2 falchion of holy wrath
 R - a +2 short sword of draining
Armour
 w - a +0 helmet (worn)
 B - +0 steam dragon scales (worn)
 Q - a +0 pair of gloves (worn)
 U - a +1 cloak of stealth (worn)
Magical Staves
 f - a staff of cold
 s - a staff of earth
Jewellery
 b - an amulet of regeneration (around neck)
 e - a +4 ring of protection (left hand)
 t - an amulet of guardian spirit
 D - an amulet of reflection
 I - a ring of ice
 K - a +4 ring of evasion
 O - a ring of fire
 T - a ring of see invisible (right hand)
Wands
 y - a wand of flame (15)
 H - a wand of acid (20)
Scrolls
 c - 5 scrolls of magic mapping
 d - a scroll of enchant weapon {unknown}
 g - a scroll of summoning {unknown}
 j - 3 scrolls of fog {unknown}
 k - 2 scrolls of teleportation
 q - 3 scrolls of vulnerability
 u - 3 scrolls of enchant armour {unknown}
 v - 2 scrolls of fear {unknown}
 x - a scroll of brand weapon {unknown}
 A - 3 scrolls of noise {unknown}
 S - a scroll of acquirement {unknown}
Potions
 a - 2 potions of heal wounds {unknown}
 h - 2 potions of cancellation
 i - 2 potions of lignification
 l - 3 potions of mutation
 m - 2 potions of curing
 n - 3 potions of flight
 o - 3 potions of brilliance
 p - a potion of attraction {unknown}
 r - a potion of degeneration {unknown}
 z - a potion of might
 E - a potion of resistance {unknown}
 J - 3 potions of berserk rage {unknown}


   Skills:
 + Level 2.6 Fighting
 + Level 2.6 Long Blades
 + Level 2.7 Armour
 + Level 4.7 Dodging
 + Level 4.4 Stealth
 + Level 1.8 Shields
 * Level 10.3 Spellcasting
 + Level 9.1 Conjurations
 + Level 1.3 Hexes
 + Level 0.4 Evocations


You had 18 spell levels left.
You knew the following spells:

 Your Spells              Type           Power      Damage    Failure   Level
a - Magic Dart            Conj           100%       1d8       1%          1
b - Searing Ray           Conj           100%       2d8       1%          2
c - Dazzling Flash        Conj/Hex       68%        N/A       1%          3
d - Fulminant Prism       Conj/Hex       17%        3d11      7%          4
e - Blink                 Tloc           22%        N/A       9%          2

Your spell library contained the following spells:

 Spells                   Type           Power      Damage    Failure   Level
 Pain                     Necr           44%        1d6       6%          1
 Iskenderun's Mystic Bla  Conj/Tloc      31%        2d8       9%          4
 Lesser Beckoning         Tloc           11%        N/A       17%         3
 Agony                    Necr           11%        N/A       85%         5
 Excruciating Wounds      Necr           5%         N/A       85%         5
 Manifold Assault         Tloc           11%        N/A       85%         5


Dungeon Overview and Level Annotations

Branches:
Dungeon (12/15)            Temple (0/1) D:4
   Lair: D:8-11         Orc: D:9-12

Altars:
Dithmenos
Fedhas
Makhleb
Nemelex Xobeh
Okawaru
Ru
Sif Muna
Yredelemnul

Shops:
D:2 [   D:4 (   D:5 (   D:8 [


Message History

Hark!
There is a gateway to a gauntlet on this level.
Find the entrance quickly before the gate is sealed!
The hobgoblin skeleton hits you but does no damage.
The ogre zombie hits you but does no damage.
There is a stone staircase leading down here.
The centaur wields a +0 shortbow.
The centaur shoots an arrow.
The arrow hits you! The centaur closely misses you.
The centaur kicks you but does no damage.
The hobgoblin skeleton barely misses you.
The centaur hits you but does no damage.
The centaur kicks you but does no damage.
The centaur misses you. The centaur completely misses you.
The ogre zombie closely misses you.
The centaur wields a +0 shortbow.
The centaur shoots an arrow.
The arrow hits you but does no damage.
The centaur wields a +0 shortbow.
The centaur shoots an arrow.
The arrow hits you but does no damage.
The two-headed ogre zombie hits you but does no damage. x2
The centaur shoots an arrow.
The arrow hits you. The ogre zombie barely misses you.
Found a scroll labelled XUAMEO YLICOPN.
The centaur shoots an arrow.
The arrow barely misses you.
The centaur shoots an arrow.
The arrow hits you.
The centaur shoots an arrow.
The arrow hits you but does no damage.
The centaur shoots an arrow.
The arrow hits you!
The centaur shoots an arrow.
The arrow hits you.
The centaur shoots an arrow.
The arrow barely misses you.
The centaur shoots an arrow.
The arrow hits you!
* * * LOW HITPOINT WARNING * * *
The centaur shoots an arrow.
The arrow misses you.
The centaur shoots an arrow.
The arrow closely misses you.
The centaur shoots an arrow.
The arrow hits you.
* * * LOW HITPOINT WARNING * * *
The centaur shoots an arrow.
The arrow barely misses you.
The centaur shoots an arrow.
The arrow completely misses you.
The centaur shoots an arrow.
The arrow closely misses you.
The centaur shoots an arrow.
The arrow barely misses you.
You see here a scroll labelled XUAMEO YLICOPN.
The centaur shoots an arrow.
The arrow hits you.
* * * LOW HITPOINT WARNING * * *
The centaur shoots an arrow.
The arrow hits you!
You die...

########## ###
#........# #.#
#........# #.#
#........# #.#
#........# #.#
######..?....c######.###
.......@.....cc..Z.ZZ...
######.#####..ZZ......!.
#. #..Z......... #.
#............ #.
#.?.......... #.
#............ #.
#..<.........
...................
#######...#####.#


You could see 3 centaurs and an ogre zombie.

Vanquished Creatures
  A two-headed ogre (D:9)
  Pikel (D:6)
  A spriggan (shapeshifter) (D:10)
  A wyvern (D:9)
  3 shadows
  6 yaks
  2 steam dragons
  An acid dragon (D:10)
  3 sky beasts
  4 orc warriors
  An ogre (D:6)
  2 centaurs
  A lemure (D:6)
  A kobold brigand (D:7)
  A phantom (D:11)
  A gnoll sergeant (D:8)
  5 bullfrogs
  3 scorpions
  A troll zombie (D:11)
  5 wights
  3 howler monkeys
  A centaur zombie (D:6)
  A bullfrog zombie (D:5)
  4 hounds
  2 jellies
  2 bullfrog skeletons
  2 orc priests
  A centaur skeleton (D:4)
  Crazy Yiuf (D:7)
  4 iguanas
  5 orc wizards
  A killer bee zombie (D:8)
  2 ogre zombies (D:11)
  11 gnolls
  A howler monkey skeleton (D:6)
  12 adders
  An ufetubus (D:4)
  2 dart slugs
  13 orcs
  10 ball pythons
  5 endoplasms
  6 giant cockroaches
  6 goblins
  3 hobgoblins
  3 jackals (D:2)
  16 kobolds
  8 bats
  5 frilled lizards
  3 goblin skeletons (D:11)
  A hobgoblin skeleton (D:11)
  3 hobgoblin zombies (D:11)
  2 orc skeletons (D:11)
  15 orc zombies (D:11)
  12 rats
211 creatures vanquished.

Vanquished Creatures (others)
  15 fulminant prisms
  4 plants (D:10)
19 creatures vanquished.

Grand Total: 230 creatures vanquished

Notes
Turn   | Place    | Note
-------+----------+-------------------------------------------
     0 | D:1      | mortz the Human Conjurer began the quest for the Orb.
     0 | D:1      | Reached XP level 1. HP: 13/13 MP: 3/3
   285 | D:1      | Reached XP level 2. HP: 19/19 MP: 1/5
   369 | D:1      | Learned a level 2 spell: Searing Ray
  1135 | D:2      | Reached XP level 3. HP: 24/24 MP: 2/6
  1184 | D:2      | Found Xuuxof's Antique Armour Shoppe.
  1535 | D:2      | Found a shimmering blue altar of Sif Muna.
  1552 | D:2      | Became a worshipper of Sif Muna the Loreminder
  1568 | D:2      | Reached XP level 4. HP: 21/30 MP: 3/7
  1663 | D:2      | Reached skill level 5 in Conjurations
  3190 | D:3      | Found a faded altar of an unknown god.
  3476 | D:3      | Found a burning altar of Makhleb.
  3563 | D:4      | Found a staircase to the Ecumenical Temple.
  3621 | D:4      | Reached XP level 5. HP: 35/35 MP: 1/9
  3731 | D:4      | Identified the +2 ring mail "Xawaas" {rF- Str-2 Dex+9
                  | Slay+4}
  3740 | D:4      | +2 ring mail Xawaas
  3914 | D:4      | Found Ohih's Weapon Shop.
  3921 | D:4      | Reached * piety under Sif Muna
  3984 | D:4      | Reached skill level 3 in Spellcasting
  4186 | D:4      | Found a sacrificial altar of Ru.
  4713 | D:5      | Entered Level 5 of the Dungeon
  4763 | D:5      | Reached XP level 6. HP: 41/41 MP: 2/11
  4923 | D:5      | Reached skill level 4 in Spellcasting
  5030 | D:5      | Learned a level 3 spell: Dazzling Flash
  5035 | D:5      | Learned a level 4 spell: Fulminant Prism
  5103 | D:5      | Found Buqupru's Antique Weapon Shoppe.
  5121 | D:5      | Bought a runed falchion for 156 gold pieces
  5158 | D:5      | Noticed a sky beast
  5167 | D:5      | Killed a sky beast
  5168 | D:5      | Reached XP level 7. HP: 46/46 MP: 5/13
  5423 | D:5      | Reached skill level 5 in Spellcasting
  6279 | D:6      | Reached XP level 8. HP: 52/52 MP: 10/16
  6449 | D:6      | Reached ** piety under Sif Muna
  6535 | D:6      | Reached skill level 1 in Armour
  6535 | D:6      | Reached skill level 6 in Spellcasting
  6688 | D:6      | Noticed Pikel
  6713 | D:6      | Killed Pikel
  6714 | D:6      | Reached skill level 1 in Fighting
  6714 | D:6      | Reached XP level 9. HP: 20/59 MP: 0/19
  7064 | D:6      | Reached skill level 7 in Spellcasting
  7927 | D:7      | Found a runed translucent door.
  7928 | D:7      | Noticed Crazy Yiuf
  7935 | D:7      | Killed Crazy Yiuf
  8093 | D:7      | Identified the +1 chain mail of Loss {+Blink rElec Will-}
  8271 | D:7      | Found a basalt altar of Yredelemnul.
  8279 | D:7      | Found a shadowy altar of Dithmenos.
  8282 | D:7      | Found a blossoming altar of Fedhas.
  8285 | D:7      | Found a sparkling altar of Nemelex Xobeh.
  8977 | D:7      | Reached skill level 8 in Spellcasting
  9354 | D:8      | Found Kats's Antique Armour Emporium.
  9487 | D:8      | Reached skill level 1 in Shields
  9690 | D:8      | Reached XP level 10. HP: 67/67 MP: 14/22
  9765 | D:8      | Reached skill level 1 in Long Blades
 10126 | D:8      | Reached skill level 9 in Spellcasting
 10487 | D:8      | Bought a runed cloak for 195 gold pieces
 10510 | D:8      | weapons
 10696 | D:9      | Noticed a two-headed ogre
 10719 | D:9      | Killed a two-headed ogre
 11308 | D:9      | Reached skill level 1 in Hexes
 11311 | D:9      | Learned a level 2 spell: Blink
 11327 | D:10     | Entered Level 10 of the Dungeon
 11394 | D:9      | Reached *** piety under Sif Muna
 11527 | D:9      | Found an iron altar of Okawaru.
 11559 | D:9      | Found Utonor's Weapon Emporium.
 12239 | D:10     | Reached skill level 10 in Spellcasting
 12267 | D:10     | Reached XP level 11. HP: 56/73 MP: 7/25
 13808 | D:11     | Shot with an arrow by a centaur

Illustrated notes #.# #.# #.# #.# ##########.#### #.# ...... ..#.#.. #.# #...# #.#.#.# ###.# ..####...###.#.#.###.... ...............>....#.# #......#.#.#.#####.# #[.@.#.#.#.#.# #.# #.#........#.# #.# #.#....##..≈≈≈..##.# #.#.......≈§§§≈..#.# ..#..)##.≈§§≈≈§≈...# ###.#####≈≈§>≈§≈##.. #.. #≈≈§≈§§§.... ##. ..≈§§≈≈.#### #..≈≈§..#... Turn 3740 on D:4: +2 ring mail Xawaas

..##...............#.............
..##..........#....#.###.########
..##.........##....#.....#
..##......#.###....#.#####
.###......### #....#.# .#
#........###....### .#
#........#......# .#
#.........#####.# .#
#.........#..@#.#
.###.........#.∩.#.#
.##..........#...#.#
..#.....###..#.>.#.# ###.#####
#..#...#.# .<#.# ##.#####.# #...#
#......## ###.# ##.....# #.#
#.....#


Turn 10510 on D:8: weapons

Levels and vault maps discovered:
D:1:      lemuel_arrival_room, layout_basic
D:2:      layout_loops_ring, serial_co_window_serial, co_window_corner_a,
          co_window_paths_b, co_window_corner_a, co_window_of_opportunity_a,
          co_window_paths_a, co_window_broadway_a, co_window_unsneaky_path_a,
          co_window_unsneaky_path_e, co_window_broadway_b, co_window_4corner_b,
          glass_columns_a, glass_columns_a, glass_columns_b, glass_columns_a,
          glass_columns_a, basic_altar, serial_shops, shop
D:3:      layout_loops_ring, mainiacjoe_overflow_alcove_4,
          dreamdust_ecumenical_altar_hidden_monk_grotto
D:4:      layout_basic, lemuel_doored_altar, minmay_temple_entry_mist,
          serial_shops, shop
D:5:      layout_basic, serial_shops, nicolae_shop_waterfront
D:6:      layout_cave_pods, portal_sewer_entry_e, serial_glass, glass_columns_a,
          glass_columns_a, glass_columns_b, glass_columns_b, glass_columns_b,
          st_stairs_9, uniq_pikel
D:7:      layout_layer_cave, grunt_temple_overflow_cloverleaf,
          uniq_crazy_yiuf_cottage
D:8:      layout_basic, serial_bayou_pond_c, nicolae_take_the_stairs
D:9:      layout_loops_corners, general_overflow_altar, serial_shops,
          nicolae_square_shop, kennysheep_small_circle
D:10:     wad_woods_pond, layout_basic, serial_co_window_serial,
          co_window_corner_a, co_window_paths_a, co_window_of_opportunity_a,
          co_window_paths_a, co_window_paths_a, co_window_corner_cb,
          co_window_unsneaky_path_c, co_window_2corner, co_window_4corner_b
D:11:     regret_index_wax_grids, layout_small_grid, lair_entry_dummy,
          zombieorc2_lemuel, gauntlet_entry_generic, nicolae_two_hexagons
D:12:     layout_roguey

Skill      XL: |  1  2  3  4  5  6  7  8  9 10 |
---------------+-------------------------------+-----
Conjurations   | 5 6 7 8 9 |  9.1
Spellcasting   | 3 4 5 6 8 10 | 10.3
Stealth        | 3 4 |  4.4
Armour         | 2 |  2.7
Fighting       | 1 2 |  2.6
Dodging        | 3 4 |  4.7
Shields        | 1 |  1.8
Long Blades    | 2 |  2.6
Hexes          | 1 |  1.3
Evocations     | |  0.4

Action                   |  1- 3 |  4- 6 |  7- 9 | 10-12 || total
-------------------------+-------+-------+-------+-------++-------
Melee: Dagger            |    10 |       |       |       ||    10
       Staff             |       |     5 |     4 |       ||     9
       Scimitar          |       |       |     7 |    18 ||    25
 Cast: Magic Dart        |    53 |    84 |    66 |    38 ||   241
       Searing Ray       |     2 |    18 |    54 |    40 ||   114
       Fulminant Prism   |       |       |     4 |    11 ||    15
Evoke: Wand              |       |       |     2 |       ||     2
  Use: Scroll            |       |       |     7 |     2 ||     9
Armor: Robe              |     5 |    28 |     1 |       ||    34
       Leather armour    |       |       |    15 |       ||    15
       Steam dragon scal |       |       |    19 |    36 ||    55
Dodge: Dodged            |     8 |    27 |    72 |    73 ||   180
Block: Other             |       |       |    10 |     4 ||    14
       Reflection        |       |       |       |     2 ||     2
